 Dungeon Crawl Stone Soup version 0.31-a0-640-g39d97e502b (webtiles) character file.

Game seed: 9834287609542490954

271 qw the Shooter (level 6, -1/37 HPs)
             Began as a Gargoyle Hunter on Aug 27, 2023.
             Slain by a black bear (4 damage)
             ... on level 4 of the Dungeon.
             The game lasted 00:00:44 (2282 turns).

qw the Shooter (Gargoyle Hunter)                    Turns: 2282, Time: 00:00:44

Health: -1/37      AC: 11    Str: 15    XL:     6   Next: 23%
Magic:  6/6        EV: 11    Int:  9    God:
Gold:   192        SH:  0    Dex: 15    Spells: 5/5 levels left

rFire   . . .        Y - +1 shortbow
rCold   . . .        (shield currently unavailable)
rNeg    + . .        h - +0 ring mail
rPois   inf          (no helmet)
rElec   +            d - +0 cloak
rCorr   +            (no gloves)
SInv    .            (no boots)
Will    .....        b - amulet of faith
Stlth   +            e - ring of resist corrosion
HPRegen 0.26/turn    (no ring)
MPRegen 0.10/turn

%: faith
@: no status effects
A: sickness immunity, AC +4, negative energy resistance 1, electricity
resistance, torment resistance 1, petrification resistance
a: no special abilities


You were on level 4 of the Dungeon.
You visited 1 branch of the dungeon, and saw 4 of its levels.

You collected 192 gold pieces.


Innate Abilities, Weirdness & Mutations

You are immune to sickness and miasma.
Your stone body is resilient. (AC +4)
You are immune to poison.
You resist negative energy. (rN+)
You are resistant to electric shocks. (rElec)
You are resistant to unholy torment.
You are immune to petrification.


   Skills:
 + Level 3.5 Fighting
 - Level 6.3 Ranged Weapons
 - Level 2.3 Armour
 - Level 1.5 Dodging
 - Level 1.1 Stealth


You had 5 spell levels left.
You didn't know any spells.
Your spell library was empty.

Inventory:

Hand Weapons
 Y - a +1 shortbow (weapon)
Armour
 d - a +0 cloak (worn)
 h - a +0 ring mail (worn)
Jewellery
 b - an amulet of faith (around neck)
 e - a ring of resist corrosion (left hand)
 j - a ring of ice
Potions
 f - a potion of curing {unknown}
 i - a potion of heal wounds
 k - a potion of haste {unknown}

Dungeon Overview and Level Annotations

Branches:
Dungeon (4/15)
 Temple: D:4-7

Altars:
Cheibriados
Ru
Trog
Vehumet

Annotations:
D:3 1 runed translucent door, Crazy Yiuf


Message History

The arrow closely misses the black bear.
The adder closely misses you.
The black bear bites you but does no damage.
The black bear barely misses you.
The black bear claws you but does no damage.
The kobold misses you. The adder bites you.
You shoot an arrow. The arrow hits the black bear!
The black bear is moderately wounded.
The adder bites you but does no damage.
The black bear bites you but does no damage.
The black bear barely misses you. x2; The kobold closely misses you.
You shoot an arrow. The arrow hits the black bear!
The black bear is heavily wounded.
The adder closely misses you.
The black bear bites you but does no damage.
The black bear claws you but does no damage. x2
The kobold barely misses you. The adder barely misses you.
You shoot an arrow. The arrow hits the black bear.
The black bear is severely wounded.
The black bear bites you but does no damage.
The black bear claws you. The black bear closely misses you.
The kobold hits you but does no damage. The adder bites you but does no damage.
You shoot an arrow. The arrow hits the black bear.
The black bear is almost dead.
The adder closely misses you.
The black bear goes berserk!
The kobold hits you but does no damage. The adder barely misses you.
The black bear bites you! The black bear barely misses you. x2
The kobold hits you but does no damage.
You shoot an arrow.
The arrow hits the black bear but does no damage.
The black bear is almost dead.
The black bear bites you but does no damage.
The black bear misses you. The black bear claws you.
The adder bites you but does no damage.
The kobold hits you with a +0 short sword.
You shoot an arrow. The arrow barely misses the black bear.
The black bear closely misses you. The black bear misses you.
The black bear closely misses you. The adder closely misses you.
The black bear bites you! The black bear claws you.
You die...

. .. .# ... ...#
?... #... ##.....
#..##K...... .
#...@h...... ..##
#....S#..... ....
####....... ...
#..#....#....... .
#...<...###.......
#.......# .......
##......# ...##.#
#........ ..## .#
..###.$....


You could see a black bear (berserk), an adder and a kobold.

Vanquished Creatures
  A phantom (D:4)
  2 scorpions (D:3)
  Jessica (D:3)
  2 dart slugs
  4 orcs (D:4)
  2 bats
  4 endoplasms
  A giant cockroach (D:3)
  5 goblins
  5 hobgoblins
  4 jackals (D:2)
  A quokka (D:1)
  4 ball pythons
  2 frilled lizards
  3 kobolds
  7 rats
48 creatures vanquished.

Notes
Turn   | Place    | Note
-------+----------+-------------------------------------------
     0 | D:1      | qw the Gargoyle Hunter began the quest for the Orb.
     0 | D:1      | Reached XP level 1. HP: 12/12 MP: 1/1
     0 | D:1      | 0 ||| qw: Version: 0.3-a-74-g0d5e918
     0 | D:1      | 0 ||| qw: Game counter: 30
     0 | D:1      | 0 ||| qw: Melee chars always use a shield: true
     0 | D:1      | 0 ||| qw: God list: Okawaru
     0 | D:1      | 0 ||| qw: Allow faded altars: false
     0 | D:1      | 0 ||| qw: Do Orc after clearing Dungeon:15 true
     0 | D:1      | 0 ||| qw: Do second Lair branch before Depths: true
     0 | D:1      | 0 ||| qw: Lair rune preference: random
     0 | D:1      | 0 ||| qw: Goals: Normal
     0 | D:1      | 0 ||| PLANNING D:1-11
     1 | D:1      | Found a sacrificial altar of Ru.
   157 | D:1      | Reached XP level 2. HP: 17/17 MP: 2/2
   461 | D:1      | Found a faded altar of an unknown god.
   621 | D:1      | 621 ||| UPGRADING to +0 cloak.
   626 | D:1      | 626 ||| READING scroll labelled REUNOI ONGOR.
   627 | D:1      | 627 ||| READING scroll labelled NYHOIC EMOVIC.
   628 | D:1      | 628 ||| READING scroll labelled WYMIJI DUYRO.
   629 | D:1      | 629 ||| DROPPING scroll of butterflies.
  1064 | D:2      | Reached XP level 3. HP: 21/21 MP: 3/3
  1147 | D:2      | Reached skill level 5 in Ranged Weapons
  1601 | D:2      | 1601 ||| UPGRADING to ring of resist corrosion.
  1602 | D:2      | 1602 ||| READING scroll labelled HIRACVASUN.
  1603 | D:2      | 1603 ||| READING scroll labelled BUL ZOCZODA.
  1604 | D:2      | 1604 ||| READING scroll labelled LUFAKY DUONT.
  1605 | D:2      | 1605 ||| DRINKING 2 brown potions.
  1606 | D:2      | 1606 ||| DROPPING potion of attraction.
  1713 | D:3      | Noticed Jessica
  1718 | D:3      | Killed Jessica
  1719 | D:3      | Reached skill level 3 in Fighting
  1719 | D:3      | Reached XP level 4. HP: 28/28 MP: 4/4
  1851 | D:3      | Noticed a scorpion
  1855 | D:3      | Killed a scorpion
  1856 | D:3      | Reached XP level 5. HP: 32/32 MP: 5/5
  2070 | D:3      | Found a snail-covered altar of Cheibriados.
  2114 | D:3      | Found a bloodstained altar of Trog.
  2119 | D:3      | Found a radiant altar of Vehumet.
  2145 | D:3      | Found a runed translucent door.
  2146 | D:3      | Noticed Crazy Yiuf
  2149 | D:3      | 2149 ||| UPGRADING to +0 ring mail.
  2159 | D:3      | 2159 ||| DROPPING +0 leather armour.
  2160 | D:3      | 2160 ||| UPGRADING to amulet of faith.
  2165 | D:3      | 2165 ||| DROPPING amulet of guardian spirit.
  2166 | D:3      | 2166 ||| READING scroll labelled KUINORH COLAI.
  2167 | D:3      | 2167 ||| READING scroll labelled SIHOME ZOOLLAF.
  2168 | D:3      | 2168 ||| DRINKING 2 fizzy black potions.
  2195 | D:4      | Noticed a phantom
  2199 | D:4      | 2199 ||| STAIRDANCE
  2268 | D:4      | Killed a phantom
  2268 | D:4      | Noticed a black bear
  2269 | D:4      | Reached skill level 6 in Ranged Weapons
  2269 | D:4      | Reached XP level 6. HP: 37/37 MP: 6/6
  2282 | D:4      | HP: 3/37 [black bear (10)]
  2282 | D:4      | Slain by a black bear

Levels and vault maps discovered:
D:1:      sevenhm_arrival_forest_fort_small_6, layout_loops_ring,
          basic_ecumenical_altar, minivault_4
D:2:      layout_loops_corners, serial_forest, infiniplex_forest_lined_ring,
          infiniplex_forest_straight_5, infiniplex_forest_lined_3_way,
          infiniplex_forest_lined_room_3, infiniplex_forest_clump_tiny,
          infiniplex_forest_lined_room_2, infiniplex_forest_lined_2,
          infiniplex_forest_end_2
D:3:      layout_rooms, lemuel_coloured_pillars_altar, minitemple,
          uniq_crazy_yiuf_cottage, uniq_jessica
D:4:      layout_cave_pools, uniq_sigmund, uniq_natasha, uniq_ijyb

Skill      XL: |  1  2  3  4  5 |
---------------+----------------+-----
Ranged Weapons | 5 6 |  6.3
Fighting       | 3 |  3.5
Armour         | 2 |  2.3
Dodging        | |  1.5
Stealth        | |  1.1

Action                     |  1- 3 |  4- 6 || total
---------------------------+-------+-------++-------
   Fire: Shortbow          |    93 |    61 ||   154
    Use: Scroll            |     6 |     2 ||     8
         Potion            |     1 |     1 ||     2
 Armour: Leather armour    |    22 |     2 ||    24
         Ring mail         |       |    25 ||    25
  Dodge: Dodged            |    33 |    43 ||    76

Table legend:
 A = Non-vault XP
 B = Vault XP
 C = Vault XP percentage of total XP
 D = Non-vault monster count
 E = Vault monster count
 F = Vault count percentage of total count
                 A         B        C        D         E       F
            +---------+---------+-------+---------+---------+-------
      Total |     351 |      37 |   9.5 |      47 |       1 |   2.1
            +---------+---------+-------+---------+---------+-------
        D:1 |      17 |       0 |   0.0 |       8 |       0 |   0.0
        D:2 |      33 |       0 |   0.0 |      19 |       0 |   0.0
        D:3 |     189 |      37 |  16.4 |      15 |       1 |   6.2
        D:4 |     112 |       0 |   0.0 |       5 |       0 |   0.0
            +---------+---------+-------+---------+---------+-------
